Map: Odyssey LE

Players

Ziggy

  • Race: Terran Terran
  • Spawn Location: 11:00

Semper - Winner!

  • Race: Terran Terran
  • Spawn Location: 5:00

Event: WCS Jonkoping 2017

VOD

Have the link to the VOD?

Description

Time

  • Played on: June 17, 2017, 2:17 p.m.
  • Length: 16:30

All games in this series

Show
View Real Time Build Order
Export as new Build Order

Ziggy Terran 

Build Orders: Bio Tank 

Get SALT Encoding   

  12  0:00  SCV  
  13  0:13  SCV  
  14  0:20  Supply Depot  
  14  0:31  Refinery  
  14  0:45  Barracks  
  14  0:56  Barracks  
  14  1:01  SCV  
  15  1:13  SCV  
  15  1:17  Refinery  
  16  1:26  SCV  
  16  1:31  Reaper  
  19  1:40  SCV  
  19  1:43  Reaper  
  20  1:53  Orbital Command  
  20  2:03  Reaper  
  21  2:15  Reaper  
  22  2:20  Factory  
  22  2:36  Reaper  
  23  2:38  Supply Depot  
  23  3:00  Reaper  
  23  3:04  SCV  
  25  3:09  Starport  
  25  3:16  SCV, Cyclone  
  25  3:18  Supply Depot  
  29  3:28  SCV  
  30  3:41  SCV  
  31  3:45  Starport Tech Lab  
  31  4:03  Cyclone  
  31  4:07  Command Center  
  34  4:10  Raven  
  34  4:13  SCV  
  35  4:36  Barracks  
  35  4:37  Barracks  
  35  4:38  SCV  
  35  4:44  Supply Depot  
  35  4:46  Cyclone  
  35  4:51  SCV  
  36  5:07  SCV  
  36  5:08  Starport Reactor  
  36  5:12  Engineering Bay  
  37  5:21  Orbital Command  
  37  5:22  Barracks Tech Lab, Refinery  
  37  5:23  Refinery  
  37  5:25  Barracks Reactor  
  37  5:27  Barracks Reactor  
  37  5:32  SCV  
  38  5:40  Siege Tank  
  41  5:47  Orbital Command  
  41  5:48  Marine  
  41  5:49  Stimpack  
  42  5:52  SCV  
  43  6:03  Marine x4  
  47  6:04  SCV  
  47  6:06  Marine  
  49  6:14  Siege Tank  
  52  6:21  SCV x2  
  52  6:22  Marine x4  
  58  6:28  Supply Depot  
  58  6:30  Medivac  
  60  6:36  Medivac  
  62  6:49  SCV x2  
  62  6:50  Supply Depot  
  62  6:52  Marine x3  
  67  7:01  SCV  
  67  7:03  Medivac  
  70  7:11  SCV  
  71  7:19  Siege Tank  
  71  7:22  Medivac  
  76  7:23  Marine x2  
  76  7:26  SCV  
  77  7:32  Supply Depot  
  77  7:33  SCV  
  78  7:42  Terran Infantry Weapons Level 1  
  78  7:43  Supply Depot  
  78  7:53  Marine x4, Combat Shields, SCV x2  
  84  7:59  Marine  
  69  8:06  SCV  
  69  8:11  Marine x4  
  72  8:13  Barracks x2  
  72  8:14  SCV  
  72  8:16  Siege Tank  
  72  8:17  Marine  
  72  8:18  SCV  
  78  8:29  Marine x3  
  78  8:30  Medivac  
  83  8:35  Medivac  
  83  8:38  SCV x2  
  87  8:42  Command Center  
  87  8:44  Marine x2  
  87  8:47  Marine  
  90  8:48  Siege Tank  
  90  8:51  Armory  
  90  8:53  Engineering Bay  
  93  8:56  SCV  
  93  9:02  Supply Depot  
  94  9:04  SCV  
  94  9:07  Barracks Reactor x2  
  94  9:08  Marine x2  
  97  9:12  Marine  
  97  9:16  Barracks Reactor  
  98  9:18  Supply Depot  
  98  9:19  Marine x2  
  100  9:25  Siege Tank  
  100  9:26  Marine  
  100  9:29  Marine  
  100  9:30  Marine  
  106  9:32  SCV  
  106  9:34  SCV  
  106  9:37  Marine  
  109  9:43  Marine  
  109  9:44  Marine  
  109  9:45  Marine x2  
  113  9:54  Terran Infantry Weapons Level 2  
  113  9:57  Terran Infantry Armor Level 1  
  113  10:05  Marine x3  
  113  10:06  Marine x3  
  119  10:12  Siege Tank  
  122  10:16  Supply Depot  
  122  10:18  Marine x4  
  122  10:19  Marine  
  127  10:24  Planetary Fortress, Supply Depot  
  127  10:32  Marine x4  
  131  10:42  Medivac x2  
  135  10:43  Marine x2  
  135  10:44  Marine x3  
  135  10:48  Marine x2  
  135  10:49  Marine  
  141  10:52  Siege Tank, Marine  
  144  10:58  Marine x2  
  144  11:00  Marine  
  144  11:01  Marine  
  148  11:08  Marine x3  
  146  11:12  Marine  
  146  11:13  Marine  
  148  11:20  Marine  
  148  11:21  Supply Depot  
  148  11:22  Supply Depot  
  149  11:28  Marine  
  147  11:34  Siege Tank  
  147  11:37  Marine x3  
  149  11:44  Marine x2  
  151  11:52  Factory  
  151  11:55  Factory  
  133  12:02  Marine x3  
  133  12:03  Marine  
  133  12:05  Marine x3  
  133  12:06  Medivac x2  
  133  12:08  Marine x2  
  113  12:10  Marine x2  
  113  12:15  Siege Tank  
  114  12:20  Marine x4  
  111  12:23  Marine x2  
  113  12:34  Marine  
  113  12:35  Marine x2  
  116  12:42  Marine x3  
  119  12:45  Marine x2  
  119  12:46  Marine  
  119  12:47  Siege Tank, Factory Tech Lab  
  119  12:51  SCV  
  126  12:54  SCV  
  127  13:00  Orbital Command, Medivac  
  127  13:04  Factory Tech Lab  
  129  13:06  SCV x2  
  129  13:08  Marine  
  132  13:13  Marine x3  
  132  13:14  Marine  
  132  13:19  Siege Tank  
  138  13:20  Marine x5  
  138  13:25  Siege Tank  
  146  13:31  Siege Tank  
  146  13:34  SCV x3  
  151  13:40  Marine x2  
  151  13:41  Marine x2  
  156  13:46  SCV  
  156  13:49  Marine x3  
  156  13:50  Marine x4  
  156  13:53  Siege Tank  
  163  13:58  Marine x2  
  165  14:06  Supply Depot x2  
  165  14:22  Marine  
  165  14:23  Marine x9  
  165  14:24  Marine  
  124  14:35  Siege Tank  
  124  14:36  Siege Tank  
  129  14:40  Marine x3, SCV x3  
  129  14:41  Marine x8  
  143  14:52  SCV  
  144  14:58  Marine x4  
  144  14:59  Marine x4  
  138  15:00  Marine x2  
  138  15:03  Marine  
  116  15:13  Siege Tank x2  
  109  15:15  Marine  
  109  15:16  Marine x5  
  109  15:17  Marine x2  
  109  15:20  Siege Tank  
  120  15:24  Medivac x2  
  120  15:25  Marine x3  
  127  15:33  Marine  
  127  15:34  Marine x4  
  132  15:41  Marine x3  
  135  15:43  Marine  
  135  15:45  Siege Tank  
  135  15:48  Marine x2  
  141  15:51  Marine  
  141  15:52  Marine x2  
  141  15:56  Marine x2  
  145  15:59  Marine x3  
  145  16:01  Marine  
  120  16:06  Marine x2  
  120  16:10  Marine x3  
Show
View Real Time Build Order
Export as new Build Order

Semper Terran - Winner!

Build Orders: 1/1/1, Cyclone Opening 

Get SALT Encoding   

  12  0:00  SCV  
  13  0:13  SCV  
  14  0:17  Supply Depot  
  14  0:25  SCV  
  14  0:28  Refinery  
  15  0:39  SCV  
  16  0:45  Barracks  
  16  0:51  SCV  
  16  0:56  Refinery  
  17  1:03  SCV  
  18  1:15  SCV  
  19  1:31  Orbital Command  
  19  1:32  Reaper  
  20  1:37  Factory  
  20  1:48  Supply Depot  
  20  1:56  SCV  
  21  2:04  Reaper  
  22  2:09  SCV  
  23  2:21  SCV  
  23  2:22  Starport  
  26  2:28  Cyclone  
  26  2:34  SCV  
  25  2:47  Reaper  
  20  3:02  Hellion  
  20  3:03  SCV  
  22  3:20  SCV  
  22  3:24  Hellion  
  22  3:26  Barracks Tech Lab  
  25  3:33  SCV  
  25  3:45  SCV  
  26  3:50  Hellion  
  28  3:56  Supply Depot  
  28  4:02  SCV  
  29  4:17  Raven  
  31  4:29  Supply Depot  
  29  4:31  SCV  
  30  4:43  SCV  
  31  4:59  Command Center  
  31  5:00  SCV  
  31  5:02  Raven  
  34  5:07  Marine  
  35  5:17  Cyclone  
  38  5:21  SCV  
  38  5:27  Barracks Reactor  
  39  5:34  Supply Depot  
  39  5:55  SCV, Viking  
  39  5:56  Supply Depot  
  42  5:59  Factory Tech Lab  
  42  6:05  Marine x2  
  42  6:07  SCV  
  44  6:19  SCV  
  44  6:21  Orbital Command  
  44  6:23  Siege Tank  
  47  6:31  SCV  
  48  6:36  Refinery  
  48  6:44  SCV  
  48  6:45  Viking  
  50  6:47  SCV  
  50  6:49  Viking  
  53  6:56  SCV  
  53  6:59  SCV  
  55  7:08  SCV  
  56  7:11  SCV  
  56  7:12  Command Center  
  57  7:19  Siege Tank  
  58  7:26  SCV  
  58  7:27  Viking  
  58  7:28  Viking  
  61  7:30  SCV  
  61  7:35  Supply Depot  
  62  7:40  Marine  
  62  7:41  Stimpack  
  63  7:44  SCV x2  
  63  7:49  Refinery  
  65  7:56  SCV  
  65  8:00  SCV  
  66  8:08  SCV  
  66  8:10  Marine  
  66  8:12  SCV  
  68  8:14  Barracks  
  68  8:15  Engineering Bay, Barracks  
  68  8:16  Engineering Bay  
  68  8:20  Siege Tank, SCV  
  68  8:25  SCV  
  73  8:28  Marine  
  73  8:33  Orbital Command  
  74  8:34  SCV  
  74  8:40  SCV  
  76  8:44  Terran Infantry Armor Level 1, Terran Infantry Weapons Level 1  
  76  8:45  Marine  
  76  8:46  SCV  
  78  8:56  Siege Tank  
  78  8:58  SCV  
  82  9:03  Marine  
  82  9:04  Barracks Reactor, Barracks  
  82  9:05  Barracks Reactor  
  82  9:07  Barracks  
  83  9:10  Medivac  
  83  9:12  Medivac  
  83  9:14  SCV  
  83  9:16  SCV  
  89  9:25  Orbital Command  
  89  9:26  SCV  
  89  9:27  Marine  
  89  9:28  Siege Tank  
  93  9:37  Supply Depot  
  93  9:38  Supply Depot  
  93  9:39  SCV  
  93  9:42  Sensor Tower  
  93  9:43  SCV  
  93  9:44  Marine x2  
  96  9:46  Combat Shields  
  96  9:47  Marine x2  
  96  9:48  Marine  
  96  9:52  Barracks Reactor  
  99  9:53  Supply Depot  
  99  9:54  SCV x2  
  99  9:57  Barracks Reactor  
  99  9:59  SCV  
  102  10:01  Siege Tank  
  102  10:02  Marine x2  
  102  10:05  Marine  
  108  10:11  Marine  
  109  10:14  Marine  
  109  10:20  Marine x2  
  112  10:21  Armory  
  112  10:23  Marine  
  112  10:25  Medivac x2  
  112  10:28  Marine x2  
  117  10:29  Marine  
  119  10:37  Marine x3  
  119  10:38  Siege Tank  
  125  10:57  Supply Depot  
  125  10:59  Supply Depot  
  125  11:00  Marine, Supply Depot  
  125  11:05  Liberator  
  125  11:10  Terran Infantry Weapons Level 2  
  125  11:12  Siege Tank, Marine x5  
  133  11:19  Marine x4  
  133  11:21  Orbital Command, SCV  
  141  11:31  SCV  
  142  11:39  Marine x7  
  145  11:42  Refinery  
  145  11:45  Refinery  
  145  11:47  SCV  
  145  11:48  Terran Infantry Armor Level 2, SCV x2  
  145  11:49  Terran Vehicle Weapons Level 1  
  145  11:53  Sensor Tower  
  145  12:02  Siege Tank  
  145  12:06  Marine  
  131  12:10  Marine x2  
  131  12:14  Marine x3  
  135  12:26  SCV x2  
  135  12:28  Marine x5, Command Center  
  135  12:29  Marine  
  143  12:33  Liberator x2, Marine x2, Factory  
  145  12:42  Marine  
  146  12:46  Marine x3  
  153  13:02  Marine x4  
  157  13:13  Supply Depot  
  157  13:15  Supply Depot  
  157  13:16  Supply Depot  
  157  13:17  Marine x4  
  157  13:18  Siege Tank, Marine  
  165  13:35  Marine, Medivac x2  
  165  13:40  Marine  
  165  13:41  Marine x4  
  173  13:50  Siege Tank  
  173  13:51  Marine  
  177  13:57  Marine x3  
  177  13:58  Marine x2  
  177  14:02  Marine x3  
  185  14:09  Marine  
  186  14:10  Medivac x2  
  186  14:15  Marine x3  
  193  14:17  Marine x2  
  193  14:19  Marine  
  193  14:20  Marine x2  
  189  14:27  Marine  
  167  14:32  Siege Tank  
  167  14:33  Marine x2  
  167  14:34  Factory Tech Lab  
  167  14:37  Planetary Fortress  
  167  14:42  Marine x2  
  167  14:43  Marine x4  
  167  14:44  Marine  
  167  14:45  Medivac  
  169  15:02  Siege Tank  
  169  15:04  Siege Tank  
  165  15:08  Marine  
  166  15:20  Marine x2  
  166  15:21  Marine x6  
  174  15:26  Medivac  
  175  15:29  Marine  
  176  15:38  Marine x3  
  178  15:52  Siege Tank  
  178  15:55  Marine  
  182  16:03  Marine  
  168  16:11  Marine  
Tags
 
Add a new tag
Caveats
  • Supply blocks, unpowered buildings, or Contaminate may cause inaccurate times.
  • Supply counts are checked every 10 seconds.